 Dungeon Crawl Stone Soup version 0.18-a0-1-gfac8111 (webtiles) character file.

81 bart the Chopper (level 4, -16/39 HPs)
             Began as a Hill Orc Chaos Knight on Oct 30, 2015.
             Was an Initiate of Trog.
             Demolished by an ogre
             ... wielding a +0 giant spiked club
              (19 damage)
             ... on level 5 of the Dungeon.
             The game lasted 00:03:07 (538 turns).

bart the Chopper (Hill Orc Chaos Knight)             Turns: 538, Time: 00:03:08

Health: -16/39     AC: 11    Str: 14    XL:     4   Next: 40%
Magic:  4/4        EV:  4    Int: 12    God:    Trog [......]
Gold:   93         SH:  0    Dex: 11    Spells: 0 memorised, 3 levels left

rFire  . . .     SeeInvis .     a - +0 hand axe (chaos)
rCold  . . .     Clarity  .     j - +0 plate armour
rNeg   . . .     SustAt   .     (no shield)
rPois  .         Gourm    .     (no helmet)
rElec  .         Spirit   .     (no cloak)
rCorr  .         Warding  .     (no gloves)
rMut   .         Stasis   .     (no boots)
MR     +....                    (no amulet)
Stlth  ..........               (no ring)
                                e - ring of protection from magic (curse)

@: somewhat resistant to hostile enchantments, extremely unstealthy
A: no striking features
a: Burn Spellbooks, Renounce Religion


You were on level 5 of the Dungeon.
You worshipped Trog.
Trog was noncommittal.
You were not hungry.

You visited 1 branch of the dungeon, and saw 5 of its levels.

You collected 93 gold pieces.

Inventory:

Hand Weapons
 a - a +0 hand axe of chaos (weapon)
Missiles
 h - 61 stones (quivered)
Armour
 b - a +2 leather armour
 j - a +0 plate armour (worn)
 m - the +5 robe of vines {DeviceHeal--- Regen++++++}
   (You found it on level 4 of the Dungeon)

   It increases your rate of regeneration.
Jewellery
 e - a cursed ring of protection from magic (left hand)
Scrolls
 l - a scroll of remove curse {unknown}
Potions
 d - a potion of invisibility {unknown}
 f - a potion of magic {unknown}
 i - a potion of curing {unknown}
 n - a potion of degeneration {unknown}
 o - a potion of might {unknown}
Comestibles
 c - a bread ration
 g - a beef jerky
 k - a slice of pizza
 p - a chunk of flesh


   Skills:
 - Level 3.6 Fighting
 + Level 6.0 Axes
 + Level 3.2 Armour
 - Level 0.7 Dodging


You had 3 spell levels left.
You didn't know any spells.

Dungeon Overview and Level Annotations

Branches:
Dungeon (5/15)
 Temple: D:4-7

Altars:
Ashenzari
Fedhas
Gozag
Kikubaaqudgha
Nemelex Xobeh
Trog
Vehumet


Message History

Your plate armour prevents you from hitting the giant cockroach.
The giant cockroach barely misses you.
You hit the giant cockroach.
You kill the giant cockroach!
You have reached level 3!
Your experience leads to an increase in your attributes!
Increase (S)trength, (I)ntelligence, or (D)exterity?
You feel agile.
You regained 2 hp, and now have 15/31 hp.
MP restored: 3 You now have 93 gold pieces (gained 16).
There is a stone staircase leading down here.
You climb downwards.
There is a stone staircase leading up here.
There is a stone staircase leading down here.
h - 61 stones (gained 16)
There is a stone staircase leading down here.
You climb downwards.
You hear the sound of rushing water.
There is an entrance to a sewer on this level.
Hurry and find it before the portal rusts away!
A crimson imp and a phantom come into view.
The crimson imp shouts!
There is a stone staircase leading up here.
You climb upwards.
There is a stone staircase leading down here.
You see here a rapier.
o - a blue potion An orc comes into view.
An orc is nearby!
An orc is nearby!
You slash the orc!
You kill the orc!
You see here an orc corpse.
An iguana comes into view.
The iguana hisses angrily.
The iguana bites you but does no damage.
You hit the iguana.
The iguana bites you but does no damage.
You hit the iguana.
The iguana bites you but does no damage.
You hit the iguana. You burn the iguana.
The iguana hisses menacingly.
The iguana bites you.
You take 1 damage, and have 24/31 hp.
Your plate armour prevents you from hitting the iguana.
The iguana bites you.
You take 4 damage, and have 20/31 hp.
You hit the iguana.
There is a sudden explosion of sparks!
You kill the iguana!
You see here an iguana corpse.
You butcher the iguana corpse.
p - a chunk of flesh
There is a stone staircase leading down here.
You climb downwards.
You hear the sound of rushing water.
There is an entrance to a sewer on this level.
Hurry and find it before the portal rusts away!
You hear the slow rusting of a very distant drain.
An ogre and a zombie come into view.
The ogre shouts!
The giant frog zombie hits you but does no damage.
There is a stone staircase leading up here.
Unknown command.
You hit the giant frog zombie.
The giant frog zombie seems to slow down.
You hit the giant frog zombie but do no damage.
The giant frog zombie is no longer moving slowly.
The giant frog zombie hits you but does no damage.
You hit the giant frog zombie. You burn the giant frog zombie.
The giant frog zombie barely misses you.
The giant frog zombie hits you.
You take 2 damage, and have 19/31 hp.
Your plate armour prevents you from hitting the giant frog zombie.
The giant frog zombie hits you but does no damage.
You hit the giant frog zombie.
The giant frog zombie suddenly stops moving!
The helpless giant frog zombie fails to defend itself.
You hit the giant frog zombie.
There is a sudden explosion of sparks!
The helpless giant frog zombie fails to defend itself.
You hit the giant frog zombie.
Nothing appears to happen.
The helpless giant frog zombie fails to defend itself.
You hit the giant frog zombie.
You destroy the giant frog zombie!
Your Axes skill increases to level 6!
Your Armour skill increases to level 3!
You have reached level 4!
You regained 4 hp, and now have 23/39 hp.
MP restored: 4 You barely miss the ogre.
The ogre barely misses you.
You hit the ogre. You freeze the ogre.
The ogre hits you with a giant spiked club!
* * * LOW HITPOINT WARNING * * *
You take 6 damage, and have 17/39 hp.
You hit the ogre.
The ogre flickers and vanishes!
Deactivating autopickup; reactivate with Ctrl-A.
You hit something but do no damage. Something hits you!
* * * LOW HITPOINT WARNING * * *
You take 14 damage, and have 3/39 hp.
MASSIVE DAMAGE!!
You barely miss something. Something hits you!!
You die...
Xom is highly amused!

#. .......
#...######.##.....W..
#..){@..............
###.#####...........
# ).>..5..## ...>..#
#.... #<. ##. #


There were no monsters in sight!

Vanquished Creatures
  A giant frog zombie (D:5)
  An iguana (D:4)
  An adder (D:2)
  A worm (D:2)
  An orc (D:4)
  A giant cockroach (D:3)
  2 hobgoblins
  A quokka (D:3)
  A giant newt (D:1)
  3 goblins
  2 jackals (D:2)
  2 rats
17 creatures vanquished.

Notes
Turn   | Place    | Note
--------------------------------------------------------------
     0 | D:1      | bart the Hill Orc Chaos Knight began the quest for the Orb.
     0 | D:1      | Reached XP level 1. HP: 19/19 MP: 1/1
    52 | D:1      | You fall through a shaft!
    70 | D:2      | Found a sparkling altar of Nemelex Xobeh.
    79 | D:2      | Reached XP level 2. HP: 24/26 MP: 2/2
    82 | D:2      | Reached skill level 5 in Axes
    96 | D:2      | XOM: potion effect (brilliance)
   122 | D:2      | XOM: enchant monster (good)
   204 | D:4      | Found an opulent altar of Gozag.
   249 | D:4      | Found a bloodstained altar of Trog.
   257 | D:4      | Fell from the grace of Xom
   257 | D:4      | Became a worshipper of Trog the Wrathful
   262 | D:4      | Found an ancient bone altar of Kikubaaqudgha.
   268 | D:4      | Found a radiant altar of Vehumet.
   274 | D:4      | Found a shattered altar of Ashenzari.
   274 | D:4      | Found a blossoming altar of Fedhas.
   298 | D:4      | Noticed a phantom
   324 | D:4      | HP: 6/26 [phantom (2)]
   414 | D:3      | Reached XP level 3. HP: 15/31 MP: 3/3
   439 | D:5      | Entered Level 5 of the Dungeon
   439 | D:5      | Noticed a phantom
   525 | D:5      | Noticed an ogre
   533 | D:5      | Reached skill level 6 in Axes
   533 | D:5      | Reached skill level 3 in Armour
   533 | D:5      | Reached XP level 4. HP: 23/39 MP: 4/4
   537 | D:5      | HP: 3/39 [something (14)]
   538 | D:5      | Demolished by an ogre

Vault maps used:
D:1:      dpeg_arrival_boxorama
D:2:      lemuel_crystal_altar, uniq_terence
D:3:      columned_hall_lemuel, uniq_sigmund, uniq_purgy
D:4:      forest_paths, tso_oasis_becter, minmay_overflow_temple_star_hex,
          yredelemnul_altar_generic, minmay_temple_entry_overgrown,
          roderic_chinese_pattern_swastika, fountainhead,
          nicolae_gozag_cash_rules_everything_around_me
D:5:      zin_angel, first_bread, portal_sewer_entry_a, minmay_misc_feat_rugged,
          bloody_makhleb

Action                   |  1- 3 |  4- 6 || total
-------------------------+-------+-------++-------
Melee: Hand axe          |    69 |     5 ||    74
 Stab: Paralysed         |     3 |       ||     3

Vault maps used:
D:1:      dpeg_arrival_boxorama
D:2:      lemuel_crystal_altar, uniq_terence
D:3:      columned_hall_lemuel, uniq_sigmund, uniq_purgy
D:4:      forest_paths, tso_oasis_becter, minmay_overflow_temple_star_hex,
          yredelemnul_altar_generic, minmay_temple_entry_overgrown,
          roderic_chinese_pattern_swastika, fountainhead,
          nicolae_gozag_cash_rules_everything_around_me
D:5:      zin_angel, first_bread, portal_sewer_entry_a, minmay_misc_feat_rugged,
          bloody_makhleb

Table legend:
 A = Turns spent in this place as a percentage of turns spent in the entire game.
 B = Non-inter-level travel turns spent in this place as a percentage of non-inter-level travel turns spent in the entire game.
 C = Inter-level travel turns spent in this place as a percentage of turns spent in this place.
 D = Turns resting spent in this place as a percentage of non-inter-level travel turns spent in this place.
 E = Turns spent auto-exploring this place as a percentage of non-inter-level travel turns spent in this place.
 F = Non-inter-level travel turns spent in this place divided by the number of levels of this place that you've seen.
                   A       B       C       D       E      F
               +-------+-------+-------+-------+-------+----------------------
         Total | 100.0 | 100.0 |   0.0 |   0.0 |   0.0 |  94.0
       Dungeon | 100.0 | 100.0 |   0.0 |   0.0 |   0.0 |  94.0
               +-------+-------+-------+-------+-------+----------------------

Table legend:
 A = Kills in this place as a percentage of kills in entire the game.
 B = Kills by you in this place as a percentage of kills by you in the entire game.
 C = Kills by friends in this place as a percentage of kills by friends in the entire game.
 D = Other kills in this place as a percentage of other kills in the entire game.
 E = Experience gained in this place as a percentage of experience gained in the entire game.
 F = Experience gained in this place divided by the number of levels of this place that you have seen.
                   A       B       C       D       E      F
               +-------+-------+-------+-------+-------+----------------------
         Total | 100.0 | 100.0 |  -nan |  -nan | 100.0 |  23.2
       Dungeon | 100.0 | 100.0 |  -nan |  -nan | 100.0 |  23.2
               +-------+-------+-------+-------+-------+----------------------
